 Dungeon Crawl Stone Soup version 0.22-a0-149-g870e420 (webtiles) character file.

100 KristoblXynda the Slasher (level 4, -2/36 HPs)
             Began as a Draconian Gladiator on Feb 7, 2018.
             Killed from afar by an orc wizard (7 damage)
             ... with a puff of flame
             ... on level 3 of the Dungeon.
             The game lasted 00:02:38 (1402 turns).

KristoblXynda the Slasher (Draconian Gladiator)     Turns: 1402, Time: 00:02:38

Health: -2/36      AC:  5    Str: 21    XL:     4   Next: 46%
Magic:  4/4        EV: 13    Int:  9    God:
Gold:   170        SH:  0    Dex: 13    Spells: 3/3 levels left

rFire    . . .     SeeInvis .   a - +0 long sword
rCold    . . .     Gourm    .   (no shield)
rNeg     . . .     Faith    .   (armour unavailable)
rPois    .         Spirit   .   b - +0 hat
rElec    .         Reflect  .   (no cloak)
rCorr    .         Harm     .   (no gloves)
MR       .....                  (no boots)
Stlth    +.........             (no amulet)
HPRegen  0.12/turn              (no ring)
MPRegen  0.09/turn              (no ring)

@: mighty
A: unfitting armour, cold-blooded, AC +5
a: no special abilities


You were on level 3 of the Dungeon.
You were not hungry.

You visited 1 branch of the dungeon, and saw 3 of its levels.

You collected 170 gold pieces.

Inventory:

Hand Weapons
 a - a +0 long sword (weapon)
Missiles
 c - 3 throwing nets (quivered)
Armour
 b - a +0 hat (worn)
Scrolls
 f - a scroll of teleportation {unknown}
 g - 2 scrolls of remove curse {unknown}
 h - a scroll of fear {unknown}
 i - a scroll of amnesia {unknown}
Potions
 e - a potion of heal wounds
 j - a potion of brilliance {unknown}
Comestibles
 d - a ration


   Skills:
 - Level 2.1 Fighting
 * Level 4.5 Long Blades
 - Level 2.0 Throwing
 + Level 3.5 Dodging


You had 3 spell levels left.
You didn't know any spells.

Dungeon Overview and Level Annotations

Branches:
Dungeon (3/15)

Altars:


Innate Abilities, Weirdness & Mutations

Your plain brown scales are hard. (AC +5)
You cannot fit into any form of body armour.
You are cold-blooded and may be slowed by cold attacks.


Message History

You slash the orc wizard!
The orc wizard is heavily wounded.
The orc hits you but does no damage. The orc wizard hits you with a dagger.
The orc closely misses you.
You riposte.
You slash the orc!
You kill the orc!
Unknown command.
You slash the orc!
You kill the orc!
The orc wizard gestures at you while chanting.
You resist with some effort.
Unknown command.
You closely miss the orc priest. You tail-slap the orc priest!
The orc priest is severely wounded.
The orc priest hits you with a mace of protection.
* * * LOW HITPOINT WARNING * * *
The orc wizard hits you with a dagger.
* * * LOW HITPOINT WARNING * * *
The orc wizard gestures at you while chanting.
The puff of flame hits you!
You die...

.. ... ### #.# (.# #..#
#.# #..##########.#
#...##.......## ####
#.)o@####...### #...
###.#o)...##.)(.####.##
##o.o#####....##........
#..### ###..#######.#.
#.## ##<.# #.## ##.#
#..######<## #..#
##.......... #o##
#.#.....### . #.#
#...#...#


You could see an orc priest and an orc wizard.

Vanquished Creatures
  Jessica (D:2)
  2 adders (D:2)
  2 leopard geckos
  4 orcs (D:3)
  5 bats
  3 giant cockroaches (D:1)
  7 goblins
  3 hobgoblins (D:1)
  4 jackals (D:1)
  2 quokkas (D:2)
  A ball python (D:3)
  6 kobolds
  5 rats
45 creatures vanquished.

Notes
Turn   | Place    | Note
-------+----------+-------------------------------------------
     0 | D:1      | KristoblXynda the Draconian Gladiator began the quest for the Orb.
     0 | D:1      | Reached XP level 1. HP: 17/17 MP: 1/1
   123 | D:1      | Reached XP level 2. HP: 22/24 MP: 2/2
   434 | D:1      | Reached XP level 3. HP: 27/29 MP: 3/3
   718 | D:2      | Reached skill level 4 in Long Blades
   784 | D:2      | Noticed Jessica
   796 | D:2      | Killed Jessica
   796 | D:2      | Reached XP level 4. HP: 21/36 MP: 4/4
  1402 | D:3      | Killed from afar by an orc wizard

Vault maps used:
D:1:      minmay_arrival_glassed_features
D:2:      kennysheep_pointless_box, kennysheep_jessica_study
D:3:      minitemple

Skill      XL: |  1  2  3 |
---------------+----------+-----
Throwing       | 2 |  2.0
Dodging        | 3 |  3.5
Long Blades    | 4 |  4.5
Fighting       | |  2.1

Action                   |  1- 3 |  4- 6 || total
-------------------------+-------+-------++-------
Melee: Long sword        |    73 |    32 ||   105
       Tailslap          |    11 |     5 ||    16
  Use: Potion            |       |     2 ||     2
 Stab: Sleeping          |     4 |       ||     4
  Eat: Ration            |       |     1 ||     1
Armor: Skin              |    17 |    12 ||    29
Dodge: Dodged            |    70 |    29 ||    99
       Rpst.: Long sword |    22 |     5 ||    27

Table legend:
 A = Spawn XP
 B = Non-spawn XP
 C = Spawn XP percentage of total XP
 D = Spawn monster count
 E = Non-spawn monster count
 F = Spawn count percentage of total count
 G = Total turns spent on level
                    A         B        C        D         E        F      G
               +---------+---------+-------+---------+---------+-------+---------
         Total |       0 |     143 |   0.0 |       0 |      45 |   0.0 |  1402
               +---------+---------+-------+---------+---------+-------+---------
           D:1 |       0 |      43 |   0.0 |       0 |      25 |   0.0 |   510
           D:2 |       0 |      85 |   0.0 |       0 |      14 |   0.0 |   795
           D:3 |       0 |      15 |   0.0 |       0 |       6 |   0.0 |    97
               +---------+---------+-------+---------+---------+-------+---------
